 Dungeon Crawl Stone Soup version 0.28.0 (webtiles) character file.

Game seed: 16382111537418932719

443 SnakkuSnakku7 the Charlatan (level 6, -3/33 HPs)
             Began as a Deep Elf Artificer on Feb 17, 2022.
             Slain by a yak (5 damage)
             ... on level 3 of the Dungeon.
             The game lasted 00:08:24 (6062 turns).

SnakkuSnakku7 the Charlatan (Deep Elf Artificer)    Turns: 6062, Time: 00:08:24

Health: -3/33      AC:  7    Str: 11    XL:     6   Next: 71%
Magic:  17/17      EV: 12    Int: 16    God:
Gold:   251        SH:  0    Dex: 15    Spells: 5/5 levels left

rFire   . . .      SeeInvis .   h - +4 whip
rCold   . . .      Faith    .   (no shield)
rNeg    . . .      Spirit   .   l - +2 leather armour "Hero's Friend" {rPois MP+9}
rPois   +          Reflect  .   (no helmet)
rElec   .          Harm     .   (no cloak)
rCorr   .          Rampage  .   n - +1 pair of gloves
Will    +....                   (no boots)
Stlth   ++........              (no amulet)
HPRegen 0.11/turn               s - ring of willpower
MPRegen 0.15/turn               (no ring)

@: no status effects
A: no striking features
a: no special abilities


You were on level 3 of the Dungeon.
You visited 1 branch of the dungeon, and saw 5 of its levels.

You collected 251 gold pieces.

Inventory:

Hand Weapons
 a - a +0 shortbow of freezing
 b - a +1 dagger of draining
 h - a +4 whip (weapon)
Missiles
 i - 18 poisoned darts (quivered)
Armour
 l - the +2 leather armour "Hero's Friend" (worn) {rPois MP+9}
   (You found it on level 4 of the Dungeon)

   rPois:     It protects you from poison.
   MP:        It affects your magic capacity (+9).
 n - a +1 pair of gloves (worn)
Jewellery
 m - an amulet of guardian spirit
 s - a ring of willpower (left hand)
Wands
 c - a wand of flame (6)
 d - a wand of charming (13)
Scrolls
 g - a scroll of fear {unknown}
 p - a scroll of brand weapon
Potions
 f - a potion of heal wounds {unknown}
 j - a potion of cancellation {unknown}
 k - 2 potions of curing {unknown}
 o - a potion of attraction {unknown}
 r - a potion of invisibility {unknown}
 u - a potion of magic {unknown}
Miscellaneous
 e - a piece from Xom's chessboard (13/15)


   Skills:
 - Level 0.7 Fighting
 + Level 5.3 Throwing
 - Level 0.7 Armour
 - Level 2.4 Dodging
 - Level 1.2 Stealth
 - Level 5.7 Evocations


You had 5 spell levels left.
You didn't know any spells.
Your spell library contained the following spells:

 Spells                   Type           Power      Damage    Failure   Level
 Freeze                   Ice            0%         1d3       32%         1
 Ensorcelled Hibernation  Hex/Ice        0%         N/A       45%         2
 Frozen Ramparts          Ice            0%         1d2       69%         3
 Spider Form              Tmut/Pois      0%         N/A       69%         3
 Tukima's Dance           Hex            0%         N/A       69%         3
 Anguish                  Hex/Necr       0%         N/A       97%         4
 Hailstorm                Conj/Ice       0%         3d3       97%         4
 Passage of Golubria      Tloc           0%         N/A       97%         4
 Yara's Violent Unravell  Hex/Tmut       0%         3d3       100%        5


Dungeon Overview and Level Annotations

Branches:
Dungeon (5/15)
 Temple: D:4-7

Altars:
Elyvilon
Makhleb
Xom

Shops:
D:2 [   D:3 *

Annotations:
D:5 Grinder


Message History

You make a move on Xom's chessboard...
The phantom is unaffected.
The phantom closely misses you.
You make a move on Xom's chessboard...
The phantom appears confused.
The phantom misses you.
You are too injured to fight recklessly!
You are too injured to fight recklessly!
You completely miss the phantom.
The phantom is moderately damaged.
You hit the phantom.
The phantom is moderately damaged.
The phantom barely misses you.
You strike the helpless phantom from behind!
You hit the phantom.
The phantom is moderately damaged.
The phantom misses you.
You whack the phantom!
The phantom is severely damaged.
The phantom misses you.
You catch the helpless phantom completely off-guard!
You hit the phantom.
The phantom is almost destroyed.
You hit the phantom.
You destroy the phantom!
Your piece from Xom's chessboard (13/15) has regained one charge.
Training target 5.0 for Throwing reached!
Your Throwing skill increases to level 5!
You need to enable at least one skill for training.
You start resting.
HP restored.
There is a stone staircase leading down, spattered with blood here.
You climb downwards.
The yak gores you!
There is a stone staircase leading up, spattered with blood here.
The yak gores you!
You climb upwards.
There is a stone staircase leading down, spattered with blood here.
The yak gores you. The yak gores you!
* * * LOW HITPOINT WARNING * * *
The yak gores you.
You die...

........# #####...### #..(
........# ##### #.#.#### #..#
........###...###.#...<# ####..#
.....>.###.....##.##...# ##....##
........#.......#.##...###..#.###
#######.........#.##.............
###.......#.##..........###
##.....##.##...###.##....
##.....Y@......##...).##.
#....)....##..##..#.####.
#........###..##.#..# ##
#........###.....#.## ###
##.....#.##....###.# #..
#....##....#..###.# #..
#...###..###...##.# #.. #.#.#
#..##..#....# #..
##.#.###.###8..##..## #..


You could see a yak.

Vanquished Creatures
  A phantom (D:3)
  A howler monkey (D:4)
  2 gnoll shamans (D:4)
  A hound (D:4)
  An iguana (D:4)
  2 hound skeletons (D:4)
  4 gnolls (D:4)
  6 adders
  An adder skeleton (D:4)
  4 dart slugs
  4 orcs
  7 ball pythons
  A bat (D:1)
  6 endoplasms
  3 giant cockroaches
  8 goblins
  10 hobgoblins
  5 jackals
  5 kobolds
  4 quokkas (D:1)
  3 frilled lizards
  5 rats
84 creatures vanquished.

Vanquished Creatures (others)
  A frilled lizard (D:1)
1 creature vanquished.

Grand Total: 85 creatures vanquished

Notes
Turn   | Place    | Note
-------+----------+-------------------------------------------
     0 | D:1      | SnakkuSnakku7 the Deep Elf Artificer began the quest for
                  | the Orb.
     0 | D:1      | Reached XP level 1. HP: 11/11 MP: 3/3
   697 | D:1      | Reached XP level 2. HP: 12/14 MP: 4/4
  1306 | D:1      | Reached XP level 3. HP: 13/20 MP: 5/5
  1856 | D:2      | Reached skill level 5 in Evocations
  2200 | D:2      | Found a shimmering altar of Xom.
  2205 | D:2      | Found Ajuoge's Armour Emporium.
  2362 | D:2      | Reached XP level 4. HP: 22/24 MP: 6/6
  2495 | D:3      | Found a faded altar of an unknown god.
  2745 | D:3      | Found a white marble altar of Elyvilon.
  2812 | D:3      | Found Weohorall's General Store.
  3059 | D:3      | Reached skill level 1 in Throwing
  3472 | D:4      | Identified the +2 leather armour "Hero's Friend" {rPois
                  | MP+9}
  3555 | D:4      | Reached XP level 5. HP: 18/28 MP: 7/7
  4410 | D:4      | Found a burning altar of Makhleb.
  4650 | D:4      | Reached XP level 6. HP: 28/33 MP: 8/8
  4700 | D:5      | Entered Level 5 of the Dungeon
  4704 | D:5      | Noticed a yak
  4706 | D:5      | Noticed a yak
  4904 | D:5      | Noticed Grinder
  4907 | D:4      | HP: 1/33 [gnoll (11)]
  5567 | D:5      | Noticed a yak
  5567 | D:5      | Noticed a yak
  5568 | D:5      | Noticed a yak
  5819 | D:3      | Reached skill level 5 in Throwing
  6062 | D:3      | Slain by a yak

Illustrated notes

Levels and vault maps discovered:
D:1:      scummos_arrival_checkerplants, layout_rooms, serial_forest,
          infiniplex_forest_lined_1, infiniplex_forest_end_double,
          infiniplex_forest_corner_1, infiniplex_forest_straight_1
D:2:      layout_basic, serial_shops, shop, basic_altar, hex_tiny
D:3:      layout_rooms, old_standard_altar, serial_shops,
          nicolae_shop_statue_plus, nicolae_ecumenical_pavilion
D:4:      layout_gridville, lemuel_crystal_altar, minmay_misc_feat_nine_boxes,
          grunt_tough_drop
D:5:      layout_rooms, nicolae_overflow_squiral, uniq_grinder

Skill      XL: |  1  2  3  4  5  6 |
---------------+-------------------+-----
Evocations     | 4 5 |  5.7
Throwing       | 2 4 5 |  5.3
Fighting       | |  0.7
Armour         | |  0.7
Dodging        | |  2.4
Stealth        | |  1.2

Action                   |  1- 3 |  4- 6 || total
-------------------------+-------+-------++-------
Melee: Club              |    18 |       ||    18
       Dagger            |   102 |   127 ||   229
       Whip              |       |    93 ||    93
       Punch             |       |     2 ||     2
Throw: Dart              |       |    19 ||    19
Evoke: Wand              |     7 |     4 ||    11
       Piece from Xom's  |       |     3 ||     3
  Use: Scroll            |       |     5 ||     5
 Stab: Sleeping          |     2 |     1 ||     3
       Confused          |       |     2 ||     2
Armor: Leather armour    |    11 |    39 ||    50
       Ring mail         |    15 |    52 ||    67
Dodge: Dodged            |    63 |   174 ||   237
